 Dungeon Crawl Stone Soup version 0.28.0 (webtiles) character file.

Game seed: 3256218105044124428

1515 crazypyro the Cleaver (level 8, -1/61 HPs)
             Began as a Minotaur Fighter on Feb 8, 2022.
             Was a Priest of Hepliaklqana.
             Slain by an orc warrior (5 damage)
             ... on level 7 of the Dungeon.
             The game lasted 00:05:47 (6114 turns).

crazypyro the Cleaver (Minotaur Fighter)            Turns: 6114, Time: 00:05:48

Health: -1/61      AC:  8    Str: 23    XL:     8   Next: 53%
Magic:  0/7        EV:  9    Int:  5    God:    Hepliaklqana [***...]
Gold:   165        SH:  8    Dex: 10    Spells: 7/7 levels left

rFire   . . .      SeeInvis .   a - +0 war axe
rCold   . . .      Faith    .   l - +0 kite shield
rNeg    + . .      Spirit   +   b - +0 scale mail
rPois   .          Reflect  .   (helmet restricted)
rElec   .          Harm     .   o - +0 cloak
rCorr   .          Rampage  .   (no gloves)
Will    .....                   (no boots)
Stlth   ..........              n - amulet of guardian spirit
HPRegen 0.20/turn               s - ring of positive energy
MPRegen 0.10/turn               (no ring)

@: studying Unarmed Combat
A: reduced essence, horns 2, retaliatory headbutt
a: Renounce Religion, Recall Ancestor, Ancestor Identity, Transference


You were on level 7 of the Dungeon.
You worshipped Hepliaklqana.
Hepliaklqana was most pleased with you.
You visited 1 branch of the dungeon, and saw 7 of its levels.

You collected 191 gold pieces.
You spent 26 gold pieces at shops.

Inventory:

Hand Weapons
 a - a +0 war axe (weapon)
 h - a +0 war axe
Missiles
 k - 6 boomerangs of dispersal (quivered)
Armour
 b - a +0 scale mail (worn)
 c - a +0 buckler
 l - a +0 kite shield (worn)
 o - a +0 cloak (worn)
Jewellery
 n - an amulet of guardian spirit (around neck)
 s - a ring of positive energy (left hand)
Wands
 m - a wand of mindburst (14)
 q - a wand of iceblast (6)
Scrolls
 e - 2 scrolls of teleportation
 i - a scroll of blinking {unknown}
 p - 3 scrolls of identify
Potions
 d - a potion of might
 f - 3 potions of curing {unknown}
 g - a potion of heal wounds {unknown}
 j - a potion of haste {unknown}
 r - a potion of brilliance {unknown}


   Skills:
 + Level 5.2 Fighting
 * Level 10.7 Axes
 + Level 5.1 Armour
 + Level 3.0 Dodging
 + Level 5.1 Shields


You had 7 spell levels left.
You didn't know any spells.
Your spell library contained the following spells:

 Spells                   Type           Power      Damage    Failure   Level
 Pain                     Necr           0%         1d4       98%         1
 Summon Small Mammal      Summ           0%         N/A       98%         1
 Call Canine Familiar     Summ           0%         N/A       100%        3
 Summon Guardian Golem    Hex/Summ       0%         N/A       100%        3
 Agony                    Necr           0%         N/A       100%        5
 Excruciating Wounds      Necr           0%         N/A       100%        5


Dungeon Overview and Level Annotations

Branches:
Dungeon (7/15)             Temple (0/1) D:6

Altars:
Gozag
Hepliaklqana
Makhleb
Vehumet

Shops:
D:5 ?   D:6 [


Innate Abilities, Weirdness & Mutations

Your life essence is reduced to manifest your ancestor. (-10% HP)
You have a pair of horns on your head.
You reflexively headbutt those who attack you in melee.


Message History

The gnoll hits you with a +4 spear.
You closely miss the gnoll.
The gnoll is severely wounded.
The gnoll hits you with a +4 spear.
You are too injured to fight recklessly!
You are too injured to fight recklessly!
You hit the gnoll but do no damage. Your headbutt misses the gnoll.
The gnoll is severely wounded.
The gnoll hits you with a +4 spear!
Synnove casts a spell at the gnoll.
The gnoll resists with significant effort.
You hit the gnoll.
The gnoll is severely wounded.
You block the gnoll's attack.
You closely miss the gnoll.
The gnoll is severely wounded.
You block the gnoll's attack. The gnoll hits you but does no damage.
You completely miss the gnoll.
The gnoll is severely wounded.
The gnoll hits you but does no damage.
You slash the gnoll!
You kill the gnoll!
You see here a +4 spear.
A gnoll comes into view. It is wielding a +0 flail.
You are too injured to fight recklessly!
You are too injured to fight recklessly!
You swap places.
Items here: )) [ †.
An orc warrior comes into view. It is wielding a +0 trident.
The orc warrior shouts!
The orc warrior hits you from afar with a +0 trident!
* * * LOW HITPOINT WARNING * * *
You block the orc warrior's attack.
An orc warrior comes into view. It is wielding a +0 mace.
You slash the orc warrior!
The orc warrior is moderately wounded.
The orc warrior hits you with a +0 trident!!
* * * LOW HITPOINT WARNING * * *
The orc warrior hits you with a +0 trident.
You die...

#... ... .o# ..#
##.# ..# .....
#o## ...... #@R#
...... #.##.#
...... #.# .#
....##.# .#
....#g# .# #+#
#.#.#.# .#####.
....
#.#...##.......
.....##.#..))...g#
..........###)...#


You could see the friendly Synnove the hexer, 2 orc warriors and a gnoll.

Vanquished Creatures
  An ice beast (D:6)
  A black bear (D:6)
  An ogre (D:5)
  2 phantoms
  A bullfrog (D:7)
  A howler monkey (D:4)
  A centaur zombie (D:6)
  4 hounds
  A jelly (D:6)
  A bullfrog skeleton (D:5)
  An iguana (D:5)
  Natasha (D:3)
  2 orc wizards (D:4)
  2 hound skeletons (D:4)
  3 gnolls (D:7)
  6 adders
  A river rat (D:4)
  A shadow imp (D:5)
  4 worms
  3 dart slugs
  11 orcs
  5 bats
  5 endoplasms
  3 giant cockroaches
  4 goblins
  11 hobgoblins
  3 jackals (D:1)
  6 kobolds
  3 quokkas
  9 ball pythons
  6 rats
104 creatures vanquished.

Vanquished Creatures (collateral kills)
  A hornet zombie (D:6)
  An ogre (D:4)
  A water moccasin skeleton (D:6)
  An orc priest (D:4)
  A hound (D:5)
  3 jellies (D:6)
  A gnoll shaman (D:7)
  2 white imps (D:6)
  A dart slug (D:4)
  An endoplasm (D:2)
  A giant cockroach (D:2)
  A quokka (D:3)
15 creatures vanquished.

Vanquished Creatures (others)
  A killer bee (D:6)
  A hexer (D:4)
  An ancestor (D:1)
3 creatures vanquished.

Grand Total: 122 creatures vanquished

Notes
Turn   | Place    | Note
-------+----------+-------------------------------------------
     0 | D:1      | crazypyro the Minotaur Fighter began the quest for the Orb.
     0 | D:1      | Reached XP level 1. HP: 19/19 MP: 0/0
    76 | D:1      | Reached skill level 3 in Axes
   134 | D:1      | Reached XP level 2. HP: 26/26 MP: 1/1
   333 | D:1      | Reached skill level 4 in Axes
   345 | D:1      | Found a faded altar of an unknown god.
   360 | D:1      | Prayed at the altar of an unknown god.
   360 | D:1      | Became a worshipper of Hepliaklqana the Forgotten
   360 | D:1      | Reached * piety under Hepliaklqana
   568 | D:1      | Reached XP level 3. HP: 25/27 MP: 2/2
   950 | D:2      | Reached skill level 5 in Axes
  1203 | D:2      | Reached ** piety under Hepliaklqana
  1204 | D:2      | Remembered your ancestor Synnove as a hexer
  1443 | D:2      | Reached XP level 4. HP: 35/35 MP: 3/3
  1921 | D:3      | Noticed Natasha
  1928 | D:3      | Killed Natasha
  1929 | D:3      | Reached skill level 6 in Axes
  2104 | D:3      | You fall into a shaft and drop 1 floor!
  2117 | D:4      | Reached XP level 5. HP: 40/40 MP: 1/4
  2125 | D:4      | Reached skill level 7 in Axes
  2431 | D:4      | Found a burning altar of Makhleb.
  2472 | D:4      | Found a radiant altar of Vehumet.
  2525 | D:4      | Found an opulent altar of Gozag.
  2533 | D:4      | Reached XP level 6. HP: 5/45 MP: 5/5
  2861 | D:4      | Reached skill level 8 in Axes
  2960 | D:4      | Reached *** piety under Hepliaklqana
  3559 | D:5      | Entered Level 5 of the Dungeon
  3566 | D:5      | Reached skill level 9 in Axes
  3566 | D:5      | Reached XP level 7. HP: 28/51 MP: 6/6
  4188 | D:5      | Found Hestrifroe's Magic Scroll Emporium.
  4193 | D:5      | Bought a scroll of identify for 26 gold pieces
  4766 | D:6      | Reached skill level 1 in Dodging
  4908 | D:6      | Found a staircase to the Ecumenical Temple.
  4966 | D:6      | Found Foylyr's Antique Armour Emporium.
  5510 | D:6      | Reached skill level 10 in Axes
  5569 | D:6      | Reached XP level 8. HP: 18/60 MP: 2/7
  6083 | D:7      | Reached skill level 5 in Fighting
  6083 | D:7      | Reached skill level 5 in Shields
  6088 | D:7      | Reached skill level 5 in Armour
  6114 | D:7      | Slain by an orc warrior

Illustrated notes

Levels and vault maps discovered:
D:1:      matt_arrival_refuge, layout_basic, ebering_ecumenical_altar_box
D:2:      layout_basic
D:3:      layout_basic, uniq_crazy_yiuf_cottage, uniq_natasha, uniq_jessica
D:4:      layout_loops_cross, makhleb_heckhound_becter,
          mainiacjoe_overflow_catch_the_wave, lightli_sewer_entry_pipes
D:5:      layout_loops_corners, serial_shops, shop
D:6:      layout_gridville, temple_fountains, serial_shops, kennysheep_mini,
          chequers_decorated_corner, minmay_manual_mullet
D:7:      layout_basic, enter_bailey_3, minmay_manual_monolith

Skill      XL: |  1  2  3  4  5  6  7  8 |
---------------+-------------------------+-----
Axes           | 3 4 5 6 7 9 10 | 10.7
Fighting       | 4 5 |  5.2
Armour         | 4 5 |  5.1
Dodging        | 2 3 |  3.0
Shields        | 4 5 |  5.1

Action                   |  1- 3 |  4- 6 |  7- 9 || total
-------------------------+-------+-------+-------++-------
Melee: War axe           |    84 |    92 |    82 ||   258
       Headbutt          |    14 |     8 |    18 ||    40
Invok: Ancestor Life: He |     1 |       |       ||     1
       Recall Ancestor   |       |     1 |       ||     1
  Use: Scroll            |     2 |     1 |     3 ||     6
 Stab: Confused          |       |     1 |     3 ||     4
       Distracted        |       |       |     2 ||     2
Armor: Scale mail        |    33 |    26 |    19 ||    78
Dodge: Dodged            |    26 |    25 |    22 ||    73
Block: Buckler           |    16 |    10 |       ||    26
       Kite shield       |       |    21 |    38 ||    59
